 Dungeon Crawl Stone Soup version 0.20.0-15-g7f486f2 (webtiles) character file.

23 Malak the Chopper (level 3, 0/46 HPs)
             Began as a Hill Orc Fighter on June 18, 2017.
             Succumbed to an adder's poison
             ... on level 2 of the Dungeon.
             The game lasted 00:01:36 (407 turns).

Malak the Chopper (Hill Orc Fighter)                 Turns: 407, Time: 00:01:37

Health: 0/46       AC: 21    Str: 19    XL:     3   Next: 0%
Magic:  3/3        EV:  2    Int:  8    God:
Gold:   28         SH:  0    Dex: 10    Spells: 2/2 levels left

rFire    . . .     SeeInvis .   a - +0 war axe
rCold    . . .     Gourm    +   (no shield)
rNeg     + + +     Faith    .   (armour currently unavailable)
rPois    +         Spirit   .   (helmet currently unavailable)
rElec    .         Reflect  .   (cloak currently unavailable)
rCorr    .         Harm     .   (gloves currently unavailable)
MR       .....     NoTele   +   (boots currently unavailable)
Stlth    +.........             k - amulet of the gourmand
Regen    0.2/turn               (no ring)
MPRegen  0.1/turn               (no ring)

@: lethally poisoned (0 -> -13), tree-form
A: no striking features
a: no special abilities


You were on level 2 of the Dungeon.
You were not hungry.
You were a tree.
You visited 1 branch of the dungeon, and saw 2 of its levels.

You collected 28 gold pieces.

Inventory:

Hand Weapons
 a - a +0 war axe (weapon)
Armour
 b - a +0 scale mail (melded)
 c - a +0 shield
Jewellery
 k - an amulet of the gourmand (around neck)
Scrolls
 e - a scroll of fear {unknown}
 l - a scroll of identify {unknown}
Potions
 d - 3 potions of might
 i - a potion of curing {unknown}
 j - a potion of lignification
Comestibles
 f - 2 bread rations
 g - a chunk of flesh
 h - a meat ration


   Skills:
 - Level 3.6 Fighting
 + Level 4.5 Axes
 - Level 3.2 Armour
 - Level 3.2 Shields


You had 2 spell levels left.
You didn't know any spells.

Dungeon Overview and Level Annotations

Branches:
Dungeon (2/15)

Altars:


Message History

You slash the jackal!
You kill the jackal!
* * * LOW HITPOINT WARNING * * *
You feel sick. The adder bites you.
* * * LOW HITPOINT WARNING * * *
You are more poisoned.
The adder poisons you!
You slash the adder!
You kill the adder!
You have reached level 3!
Your experience leads to an increase in your attributes!
Increase (S)trength, (I)ntelligence, or (D)exterity?
You feel stronger.
* * * LOW HITPOINT WARNING * * *
You feel sick.
A goblin comes into view. It is wielding a club.
It was a potion of lignification.
You turn into a tree.
Your +0 scale mail melds into your body.
Your roots penetrate the ground.
You die...

###.##. .#
...(......
.........#
.........#
.........#
.........####
....<.)#....#
......†♣....#
......†#....#
............#
.......#....##
......>#.....#
......)#####.#
....... #.#
g......#####.#
............#######


You could see a goblin (wandering).

Vanquished Creatures
  An adder (D:2)
  A dart slug (D:1)
  A leopard gecko (D:1)
  2 bats (D:1)
  2 goblins
  A jackal (D:2)
  2 kobolds (D:1)
  A frilled lizard (D:1)
  A rat (D:1)
12 creatures vanquished.

Notes
Turn   | Place    | Note
-------+----------+-------------------------------------------
     0 | D:1      | Malak the Hill Orc Fighter began the quest for the Orb.
     0 | D:1      | Reached XP level 1. HP: 19/19 MP: 1/1
     7 | D:1      | Noticed a draconian
     7 | D:1      | Noticed a troll
    11 | D:1      | Noticed a tengu
    11 | D:1      | Noticed a halfling
    13 | D:1      | Noticed a minotaur
    13 | D:1      | Noticed a formicid
    15 | D:1      | Noticed a felid
    15 | D:1      | Noticed a vampire
    17 | D:1      | Noticed a demigod
    19 | D:1      | Noticed a human
    19 | D:1      | Noticed a naga
    21 | D:1      | Noticed an ogre
    21 | D:1      | Noticed a centaur
    23 | D:1      | Noticed a demonspawn
    23 | D:1      | Noticed an elf
    25 | D:1      | Noticed a gargoyle
    27 | D:1      | Noticed a spriggan
    27 | D:1      | Noticed a merfolk
    29 | D:1      | Noticed an octopode
    29 | D:1      | Noticed a vine stalker
    31 | D:1      | Noticed a dwarf
    31 | D:1      | Noticed a ghoul
    79 | D:1      | Reached skill level 3 in Axes
   112 | D:1      | Reached XP level 2. HP: 15/26 MP: 2/2
   359 | D:1      | You fall through a shaft!
   393 | D:2      | Reached skill level 4 in Axes
   406 | D:2      | Reached XP level 3. HP: 3/31 MP: 3/3
   406 | D:2      | HP: 1/31 [poisoned by an adder]
   407 | D:2      | Succumbed to an adder's poison

Skill      XL: |  1  2 |
---------------+-------+-----
Axes           | 3 4 |  4.5
Fighting       | |  3.6
Armour         | |  3.2
Shields        | |  3.2

Action                   || total
-------------------------++-------
Melee: War axe           ||    55
  Use: Potion            ||     1
  Eat: Chunk             ||     1
Armor: Scale mail        ||    42
Dodge: Dodged            ||    40
